 Dungeon Crawl Stone Soup version 0.31.0-11-ge490571c62 (webtiles) character file.

Game seed: 5494928536052185265

109 SmokeWeed the Shooter (level 4, -2/38 HPs)
             Began as a Minotaur Hunter on Feb 3, 2024.
             Slain by a black bear (9 damage)
             ... on level 3 of the Dungeon.
             The game lasted 00:03:25 (1924 turns).

SmokeWeed the Shooter (Minotaur Hunter)             Turns: 1924, Time: 00:03:26

Health: -2/38      AC:  3    Str: 15    XL:     4   Next: 60%
Magic:  3/3        EV: 12    Int:  6    God:
Gold:   57         SH:  0    Dex: 16    Spells: 3/3 levels left

rFire   . . .        a - +0 shortbow
rCold   . . .        (shield currently unavailable)
rNeg    . . .        c - +0 leather armour
rPois   .            (helmet restricted)
rElec   .            (no cloak)
rCorr   .            (no gloves)
SInv    .            (no boots)
Will    .....        k - amulet of the acrobat
Stlth   ++           (no ring)
HPRegen 0.26/turn    (no ring)
MPRegen 0.08/turn

%: acrobat
@: studying Air Magic
A: horns 2, retaliatory headbutt
a: no special abilities


You were on level 3 of the Dungeon.
You visited 1 branch of the dungeon, and saw 3 of its levels.

You collected 57 gold pieces.

Inventory:

Hand Weapons
 a - a +0 shortbow (weapon)
 g - a +5 dagger
 j - a +0 dagger of draining
Missiles
 d - 5 datura-tipped darts
 h - 3 boomerangs
 q - 5 poisoned darts
Armour
 c - a +0 leather armour (worn)
Jewellery
 k - an amulet of the acrobat (around neck)
 l - an amulet of guardian spirit
Scrolls
 b - a scroll of butterflies
 e - a scroll of revelation
 n - a scroll of teleportation
 o - a scroll of identify
 p - a scroll of blinking
Potions
 f - a potion of attraction {unknown}
 i - 2 potions of curing
 m - a potion of degeneration {unknown}


   Skills:
 + Level 3.4 Fighting
 + Level 6.0 Ranged Weapons
 + Level 1.0 Armour
 + Level 2.2 Dodging
 * Level 0.9 Stealth


You had 3 spell levels left.
You didn't know any spells.
Your spell library contained the following spells:

 Spells                   Type           Power      Damage    Failure   Level
 Volatile Blastmotes      Fire/Tloc      0%         2d10      88%         3
 Fulminant Prism          Conj/Alch      0%         3d5       99%         4
 Iskenderun's Mystic Bla  Conj/Tloc      0%         2d3       99%         4
 Vhi's Electric Charge    Tloc/Air       0%         N/A       99%         4
 Arcjolt                  Conj/Air       0%         1d10      100%        5
 Maxwell's Capacitive Co  Air            0%         ∞         100%        8


Dungeon Overview and Level Annotations

Branches:
Dungeon (3/15)

Altars:


Innate Abilities, Weirdness & Mutations

You have a pair of horns on your head.
You reflexively headbutt those who attack you in melee.


Message History

Your Ranged Weapons skill increases to level 6!
You feel sick.
You are no longer poisoned.
You see here 5 poisoned darts.
q - 5 poisoned darts
Found a stone staircase leading down.
A black bear comes into view.
You shoot an arrow. The arrow hits the black bear.
The black bear growls angrily.
The black bear is lightly wounded.
You shoot an arrow.
The arrow completely misses the black bear.
You shoot an arrow. The arrow hits the black bear!
The black bear is heavily wounded.
You shoot an arrow. The arrow hits the black bear.
The black bear is severely wounded.
The black bear goes berserk!
You shoot an arrow. The arrow hits the black bear.
The black bear is almost dead.
The black bear rages.
You shoot an arrow.
The arrow hits the black bear but does no damage.
The black bear is almost dead.
The black bear bites you. The black bear claws you. x2
You shoot an arrow.
The arrow completely misses the black bear.
The black bear bites you.
The black bear claws you but does no damage.
The black bear claws you. The black bear closely misses you.
The black bear claws you. The black bear barely misses you.
Fire: a) +0 shortbow
Press: ? - help, Q - select action, (/) - cycle Shift-Dir - straight line, f/p - black bear
Aim: a black bear (almost dead, berserk, 71% to hit)
You shoot an arrow. The arrow barely misses the black bear.
The black bear bites you. The black bear claws you.
* * * LOW HITPOINT WARNING * * *
The black bear claws you.
* * * LOW HITPOINT WARNING * * *
The black bear bites you!
You die...

##.#.#.#.# ..#
#........# ...
#..#.#.### #.#
###........
#......#.###
#.######.###..#.#
#.......# #..#.#
#>######.###.##.#
#.@h......
###.#..... .# ...
.. . .#. .#.. ##
.. ###


You could see a black bear (berserk).

Vanquished Creatures
  4 adders
  A gnoll (D:1)
  A ribbon worm (D:2)
  A dart slug (D:2)
  An orc (D:3)
  7 bats
  6 endoplasms
  A giant cockroach (D:1)
  9 goblins
  4 hobgoblins
  3 jackals (D:2)
  3 quokkas
  4 ball pythons
  2 frilled lizards (D:1)
  9 kobolds
  5 rats
61 creatures vanquished.

Notes
Turn   | Place    | Note
-------+----------+-------------------------------------------
     0 | D:1      | SmokeWeed the Minotaur Hunter began the quest for the Orb.
     0 | D:1      | Reached XP level 1. HP: 18/18 MP: 0/0
    88 | D:1      | Reached XP level 2. HP: 25/25 MP: 1/1
    96 | D:1      | Reached skill level 5 in Ranged Weapons
   466 | D:1      | Reached XP level 3. HP: 30/30 MP: 2/2
   804 | D:1      | Found a faded altar of an unknown god.
  1071 | D:2      | Reached XP level 4. HP: 31/38 MP: 3/3
  1692 | D:3      | Reached skill level 1 in Armour
  1815 | D:3      | Reached skill level 6 in Ranged Weapons
  1916 | D:3      | Noticed a black bear
  1924 | D:3      | Slain by a black bear

Illustrated notes

Levels and vault maps discovered:
D:1:      heliophobic_arrival_henge, layout_basic,
          dreamdust_ecumenical_altar_angels_and_demons, minmay_tetromino_l4
D:2:      layout_basic
D:3:      layout_loops_ring

Skill      XL: |  1  2  3  4 |
---------------+-------------+-----
Ranged Weapons | 5 6 |  6.0
Fighting       | 3 |  3.4
Armour         | 1 |  1.0
Dodging        | |  2.2
Stealth        | |  0.9

Action                     |  1- 3 |  4- 6 || total
---------------------------+-------+-------++-------
   Fire: Shortbow          |   121 |    73 ||   194
    Use: Scroll            |     6 |       ||     6
 Armour: Leather armour    |    31 |    33 ||    64
  Dodge: Dodged            |    29 |    31 ||    60
